 Dungeon Crawl Stone Soup version 0.27-a0-1595-g0b823d0a13 (webtiles) character file.

Game seed: 9392961441368948848

90 Sin92 the Skirmisher (level 4, -2/35 HPs)
             Began as a Demonspawn Fighter on July 20, 2021.
             Succumbed to Crazy Yiuf's poison
             ... on level 2 of the Dungeon.
             The game lasted 00:01:44 (2543 turns).

Sin92 the Skirmisher (Demonspawn Fighter)           Turns: 2543, Time: 00:01:44

Health: -2/35      AC: 11    Str: 17    XL:     4   Next: 32%
Magic:  4/4        EV:  3    Int:  9    God:
Gold:   44         SH:  9    Dex: 13    Spells: 3/3 levels left

rFire    . . .     SeeInvis .   a - +0 war axe
rCold    . . .     Faith    .   c - +0 kite shield
rNeg     + . .     Spirit   .   k - +0 plate armour {rN+}
rPois    .         Reflect  .   (helmet unavailable)
rElec    .         Harm     .   (no cloak)
rCorr    .         Rampage  .   (no gloves)
Will     +....     Clarity  +   (no boots)
Stlth    ..........             (no amulet)
HPRegen  0.11/turn              (no ring)
MPRegen  0.09/turn              (no ring)

@: brilliant, lethally poisoned (-2 -> -25)
A: horns 3, clarity, strong-willed 1, passive freeze
a: no special abilities


You were on level 2 of the Dungeon.
You visited 1 branch of the dungeon, and saw 2 of its levels.

You collected 44 gold pieces.

Inventory:

Hand Weapons
 a - a +0 war axe (weapon)
Missiles
 i - a throwing net (quivered)
Armour
 b - a +0 scale mail
 c - a +0 kite shield (worn)
 k - a +0 plate armour of positive energy (worn)
Scrolls
 f - a scroll of silence {unknown}
 l - a scroll of fog {unknown}
Potions
 d - a potion of might
 h - a potion of invisibility
 j - a potion of curing {unknown}
 m - a potion of lignification {unknown}


   Skills:
 + Level 3.5 Fighting
 + Level 2.3 Axes
 + Level 3.1 Armour
 + Level 1.4 Dodging
 + Level 3.2 Shields


You had 3 spell levels left.
You didn't know any spells.
Your spell library was empty.

Dungeon Overview and Level Annotations

Branches:
Dungeon (2/15)

Altars:

Shops:
D:1 [

Annotations:
D:2 Crazy Yiuf


Innate Abilities, Weirdness & Mutations

You have a pair of large horns on your head.
You possess an exceptional clarity of mind.
You are strong-willed. (Will+)
A frigid envelope surrounds you and freezes all who hurt you.


Message History

No target in view!
You see here a +0 whip.
There is a stone staircase leading up here.
You see here a +0 whip.
You see here 12 stones.
You see here a +0 whip.
Key pressed, stopping explore.
No target in view!
You see here a +0 dagger.
There is a faded altar of an unknown god here.
Items here: ( )) รท.
No reachable target in view!
Could not explore, unopened runed door.
No reachable target in view!
Could not explore, unopened runed door.
No reachable target in view!
You open the door. You barely miss Crazy Yiuf. Crazy Yiuf barely misses you.
You closely miss Crazy Yiuf. You block Crazy Yiuf's attack.
Crazy Yiuf says, "Gum noodlescoop ragdoll!"
Crazy Yiuf hits you with a +3 quarterstaff of chaos.
You are poisoned.
You hit Crazy Yiuf.
Crazy Yiuf is moderately wounded.
You feel very sick.
Crazy Yiuf cries, "Lugonu blue shoe!"
Crazy Yiuf hits you with a +3 quarterstaff of chaos.
Crazy Yiuf freezes you.
Crazy Yiuf hits you with a +3 quarterstaff of chaos!
* * * LOW HITPOINT WARNING * * *
You are more poisoned.
It was a potion of brilliance.
You feel clever all of a sudden.
* * * LOW HITPOINT WARNING * * *
You feel very sick. You block Crazy Yiuf's attack.
It was a potion of mutation.
You feel extremely strange. The horns on your head grow some more.
Your thoughts seem clearer.
Your skin feels very cold.
You feel strong-willed.
You die...

#########.# #.#
#.# #...).....#
#.# #.#
#.#######.#
#(#####.## #.#
### ##.......#
#.# #.....#.# #.#
#...).#.##
#.##### **###
#.....#...
#.....## ###..)#
#..#.#####
#......####@g...#
#.....#...
##......#..##...#
#.###.#...
##....#.###**###
#.# #.#.##
######## ###
#...# #####


You could see Crazy Yiuf.

Vanquished Creatures
  A gnoll (D:1)
  An adder (D:2)
  A worm (D:2)
  A dart slug (D:1)
  4 ball pythons
  3 endoplasms
  A giant cockroach (D:2)
  5 goblins
  7 hobgoblins
  11 jackals
  6 quokkas
  4 bats
  2 frilled lizards
  5 kobolds
  5 rats
57 creatures vanquished.

Notes
Turn   | Place    | Note
-------+----------+-------------------------------------------
     0 | D:1      | Sin92 the Demonspawn Fighter began the quest for the Orb.
     0 | D:1      | Reached XP level 1. HP: 18/18 MP: 1/1
    38 | D:1      | Gained mutation: You have a pair of small horns on your
                  | head. [demonic ancestry]
    38 | D:1      | Reached XP level 2. HP: 9/24 MP: 2/2
   406 | D:1      | Found Tuxkag's Antique Armour Boutique.
   622 | D:1      | Reached XP level 3. HP: 26/29 MP: 3/3
   898 | D:1      | Reached skill level 1 in Dodging
  1612 | D:2      | Gained mutation: You have a pair of horns on your head.
                  | [demonic ancestry]
  1612 | D:2      | Reached XP level 4. HP: 19/35 MP: 4/4
  2252 | D:2      | Found a faded altar of an unknown god.
  2287 | D:2      | Found a runed translucent door.
  2288 | D:2      | Noticed Crazy Yiuf
  2543 | D:2      | Gained mutation: You have a pair of large horns on your
                  | head. [potion of mutation]
  2543 | D:2      | Gained mutation: You possess an exceptional clarity of
                  | mind. [potion of mutation]
  2543 | D:2      | Gained mutation: A frigid envelope surrounds you and
                  | freezes all who hurt you. [potion of mutation]
  2543 | D:2      | Gained mutation: You are strong-willed. (Will+) [potion of
                  | mutation]
  2543 | D:2      | Succumbed to Crazy Yiuf's poison

Illustrated notes

Levels and vault maps discovered:
D:1:      psy_arrival_statuary, layout_basic, serial_shops, nicolae_shop_trees
D:2:      layout_loops_ring, basic_ecumenical_altar,
          amcnicky_mini_rare_corridor_liquid, uniq_crazy_yiuf_cottage

Skill      XL: |  1  2  3 |
---------------+----------+-----
Axes           | 2 |  2.3
Dodging        | 1 |  1.4
Armour         | 3 |  3.1
Shields        | 3 |  3.2
Fighting       | |  3.5

Action                   |  1- 3 |  4- 6 || total
-------------------------+-------+-------++-------
Melee: War axe           |   132 |    37 ||   169
       Headbutt          |    17 |     4 ||    21
  Use: Scroll            |     2 |       ||     2
       Potion            |       |     2 ||     2
Armor: Scale mail        |    74 |       ||    74
       Plate armour      |     9 |    29 ||    38
Dodge: Dodged            |    36 |    10 ||    46
Block: Kite shield       |    84 |    24 ||   108

Table legend: (Time is in decaauts)
 A = Elapsed time spent in this place.
 B = Non-inter-level travel time spent in this place.
 C = Inter-level travel time spent in this place.
 D = Time resting spent in this place.
 E = Time spent auto-exploring this place.
 F = Levels seen in this place.
 G = Mean time per level.
                   A        B        C        D        E       F      G
               +--------+--------+--------+--------+--------+-----+--------+
         Total |   2649 |   2621 |     28 |     47 |   2126 |   2 | 1324.5 |
       Dungeon |   2649 |   2621 |     28 |     47 |   2126 |   2 | 1324.5 |
               +--------+--------+--------+--------+--------+-----+--------+

Top non-repeatable levels by time:
     D:2: 1424 daAuts
     D:1: 1225 daAuts
